 Dungeon Crawl Stone Soup version 0.28.0-53-g5a82cb258f (webtiles) character file.

Game seed: 9062601698937589433

9 Descartes the Sneak (level 2, -10/29 HPs)
             Began as a Troll Delver on Aug 8, 2022.
             Mangled by Sigmund
             ... wielding a +1 scythe of freezing
              (14 damage)
             ... on level 5 of the Dungeon.
             The game lasted 00:00:12 (154 turns).

Descartes the Sneak (Troll Delver)                   Turns: 154, Time: 00:00:12

Health: -10/29     AC:  4    Str: 19    XL:     2   Next: 3%
Magic:  1/1        EV: 10    Int:  6    God:
Gold:   13         SH:  0    Dex: 11    Spells: 1/1 levels left

rFire   . . .      SeeInvis .     - Unarmed
rCold   . . .      Faith    .   (no shield)
rNeg    . . .      Spirit   .   a - +0 robe
rPois   .          Reflect  .   (helmet restricted)
rElec   .          Harm     .   (no cloak)
rCorr   .          Rampage  .   (gloves unavailable)
Will    .....                   (boots unavailable)
Stlth   ++........              (no amulet)
HPRegen 0.89/turn               (no ring)
MPRegen 0.07/turn               (no ring)

@: no status effects
A: large, unfitting armour, claws 3, regeneration 1, shaggy fur 1, tough skin 1
a: no special abilities


You were on level 5 of the Dungeon.
You visited 1 branch of the dungeon, and saw 1 of its levels.

You collected 13 gold pieces.

Inventory:

Armour
 a - a +0 robe (worn)
Jewellery
 g - a ring of wizardry
Wands
 f - a wand of digging (3)
 h - a wand of charming (8)
Scrolls
 b - a scroll of fog
 c - a scroll of magic mapping
 d - a scroll of fear
Potions
 e - a potion of haste


   Skills:
 + Level 2.5 Fighting
 + Level 1.7 Dodging
 + Level 2.8 Stealth
 + Level 2.2 Unarmed Combat


You had one spell level left.
You didn't know any spells.
Your spell library was empty.

Dungeon Overview and Level Annotations

Branches:
Dungeon (5/15)
 Temple: D:4-7

Altars:
Ru

Annotations:
D:5 Sigmund


Innate Abilities, Weirdness & Mutations

You are too large for most types of armour.
You have claws for hands.
Your natural rate of healing is unusually fast.
You are covered in fur. (AC +1)
You have tough skin. (AC +1)


Message History

Found a scroll labelled NUHOHO DOONUIL.
Sigmund shouts!
You completely miss Sigmund.
Sigmund drinks a potion.
Sigmund seems to grow stronger.
You closely miss Sigmund.
Sigmund points at you and mumbles some strange words.
You resist with significant effort.
You barely miss Sigmund.
Sigmund hits you with a +1 scythe of freezing!
Ouch! That really hurt!
Sigmund freezes you!
* * * LOW HITPOINT WARNING * * *
You are too injured to fight recklessly!
You are too injured to fight recklessly!
You are too injured to fight recklessly!
You are too injured to fight recklessly!
You are too injured to fight recklessly!
You are too injured to fight recklessly!
You are too injured to fight recklessly!
You are too injured to fight recklessly!
You are too injured to fight recklessly!
You are too injured to fight recklessly!
You are too injured to fight recklessly!
You are too injured to fight recklessly!
You are too injured to fight recklessly!
You are too injured to fight recklessly!
You are too injured to fight recklessly!
You closely miss Sigmund. You claw Sigmund!
Sigmund is moderately wounded.
Sigmund casts a spell at you. The puff of flame misses you.
You barely miss Sigmund. Your claw misses Sigmund.
Sigmund is moderately wounded.
Sigmund gestures at you while chanting. The magic dart hits you.
* * * LOW HITPOINT WARNING * * *
You closely miss Sigmund.
Sigmund is moderately wounded.
Sigmund hits you with a +1 scythe of freezing!
You die...

......# ......##.#..
.......#.#.# ######
.......#.#.# .....#
....#..#.#.####..?.#
.####..#.#.#.. ....#
.+ #..#.#.#.###..#
.# #..#.#.#.....$#
.####..#.#.#.#.#@##
.............#.#@#
########.#######.#
#... ..# ##### ###


You could see Sigmund (strong).

Vanquished Creatures
  An adder (D:5)
1 creature vanquished.

Notes
Turn   | Place    | Note
-------+----------+-------------------------------------------
     0 | D:5      | Descartes the Troll Delver began the quest for the Orb.
     0 | D:5      | Reached XP level 1. HP: 22/22 MP: 0/0
    66 | D:5      | Reached XP level 2. HP: 26/29 MP: 1/1
   113 | D:5      | Found a sacrificial altar of Ru.
   147 | D:5      | Noticed Sigmund
   154 | D:5      | Mangled by Sigmund

Illustrated notes

Levels and vault maps discovered:
D:5:      layout_basic, nicolae_ru_sacrificial_ziggurat,
          minmay_temple_entry_wispy, uniq_sigmund

Action                   || total
-------------------------++-------
Melee: Unarmed           ||    10
       Punch             ||     1
Dodge: Dodged            ||     3
